 Dungeon Crawl Stone Soup version 5.7-8-g3a8b389 (webtiles) character file.

39628 bazoo the Severer (level 16, -2/133 HPs)
             Began as a Mountain Dwarf Wanderer on Sept 9, 2018.
             Was the Champion of Nemelex Xobeh.
             Slain by the 27-headed Lernaean hydra (8 damage)
             ... on level 3 of the Swamp.
             The game lasted 01:31:11 (26916 turns).

bazoo the Severer (Mountain Dwarf Wanderer)        Turns: 26916, Time: 01:31:12

Health: -2/133     AC: 41 (39%)Str: 22  XL:     16   Next: 56%
Magic:  16/16      EV:  8    Int: 13    God:    Nemelex Xobeh [6*[166]]
Gold:   524        SH: 15    Dex: 14    Spells: 15/25 levels left

rFire    . . .     SeeInvis .   K - +4 broad axe (devast)
rCold    + . .     Faith    .   u - +2 shield {AC+3}
rNeg     . . .     Spirit   .   Z - +5 plate armour {rC+}
rPois    .         Reflect  .   H - +2 helmet
rElec    .                      m - +1 cloak
rCorr    .                      j - +2 pair of gloves
MR       +....                  i - +2 pair of boots
Stlth    ..........             (no amulet)
Regen    0.4/turn               O - +3 ring of slaying
MPRegen  0.3/turn               s - +3 ring of slaying

@: lethally poisoned (-2 -> -3)
A: agile, shaggy fur, wild magic 2, evolution, sturdy frame, shiny
a: Stop Singing, Triple Draw, Deal Four, Renounce Religion


You were on level 3 of the Swamp.
You worshipped Nemelex Xobeh.
Nemelex Xobeh was exalted by your worship.
You were not hungry.

You visited 4 branches of the dungeon, and saw 21 of its levels.
You visited the bazaar 2 times.
You also visited: Volcano.

You collected 1854 gold pieces.
You spent 1330 gold pieces at shops.

Inventory:

Hand Weapons
 K - a +4 broad axe of devastation (weapon)
Missiles
 D - 243 javelins (quivered)
 G - 16 curare darts
 T - 81 poisoned darts
 V - 16 tomahawks
Armour
 g - a +2 scale mail of fire resistance
 i - a +2 pair of boots (worn)
 j - a +2 pair of gloves (worn)
 m - a +1 cloak (worn)
 n - a +2 hat of magic resistance
 u - a +2 shield of protection (worn)
 H - a +2 helmet (worn)
 Z - a +5 plate armour of cold resistance (worn)
Jewellery
 d - an uncursed ring of ice
 e - a +3 ring of protection
 r - an uncursed ring of wizardry
 s - a +3 ring of slaying (right hand)
 v - an uncursed ring of positive energy
 x - a +5 ring of dexterity
 B - a +5 ring of intelligence
 O - a +3 ring of slaying (left hand)
Wands
 c - a wand of flame (10)
 y - a wand of slimification (4)
 P - a wand of paralysis (15)
 W - a wand of iceblast (4)
Scrolls
 f - a scroll of vulnerability
 h - 2 scrolls of fog
 k - 2 scrolls of magic mapping
 A - a scroll of fear
 I - a scroll of summoning
 L - 4 scrolls of amnesia
 N - 3 scrolls of immolation
 Q - 2 scrolls of teleportation
 X - a scroll of holy word
Potions
 b - 5 potions of augmentation
 l - 3 potions of magic
 p - 4 potions of resistance
 q - 2 potions of flight
 t - 4 potions of haste
 w - 3 potions of invisibility
 z - a potion of ambrosia
 C - a potion of berserk rage
 U - 3 potions of lignification
 Y - 4 potions of mutation
Miscellaneous
 a - a box of beasts
 o - an ornate deck of destruction {cards: 65} {!d}
 F - an ornate deck of summoning {cards: 31} {!d}
 M - an ornate deck of escape {cards: 33} {!d}
 R - a sack of spiders
 S - a disc of storms


   Skills:
 * Level 14.0 Fighting
 - Level 18.5 Axes
 - Level 1.8(11.7) Maces & Staves
 - Level 1.5 Bows & Xbows
 - Level 5.8 Throwing
 * Level 12.9 Armour
 - Level 1.2 Stealth
 * Level 12.0 Shields
 * Level 4.4 Charms
 * Level 2.4 Summonings
 - Level 3.2 Fire Magic
 - Level 2.0 Air Magic
 - Level 2.1 Earth Magic
 * Level 10.1 Invocations
 - Level 5.8 Evocations


You had 15 spell levels left.
You knew the following spells:

 Your Spells              Type           Power        Failure   Level  Hunger
a - Flame Tongue          Fire           13 (40)      52%         1    N/A
b - Conjure Flame         Fire/Air       10 (100)     90%         3    N/A
c - Summon Butterflies    Summ           10 (100)     61%         1    N/A
d - Song of Slaying       Chrm           18 (100)     50%         2    N/A
e - Regeneration          Chrm/Necr      9 (200)      93%         3    N/A

Your spell library contained the following spells:

 Spells                   Type           Power        Failure   Level  Hunger
 Fireball                 Fire           13 (200)     100%        5    N/A
 Apportation              Tloc           0 (1000)     89%         1    N/A
 Invisibility             Hex            0 (200)      100%        7    N/A
 Sticky Flame             Fire           13 (100)     99%         4    N/A
 Ozocubu's Armour         Chrm/Ice       9 (100)      100%        4    N/A
 Tukima's Dance           Hex            0 (100)      99%         3    N/A
 Alistair's Intoxication  Tmut           0 (100)      100%        5    N/A
 Infusion                 Chrm           18 (25)      38%         1    N/A
 Spectral Weapon          Chrm/Summ      14 (100)     100%        5    N/A
 Searing Ray              Fire           13 (50)      65%         2    N/A
 Lesser Beckoning         Tloc           0 (100)      99%         3    N/A

Dungeon Overview and Level Annotations

Branches:
Dungeon (15/15)             Swamp (3/3) Orc:2         Slime (0/3) Orc:2
    Orc (2/2) D:15         Vaults (0/3) D:15         Depths (0/3) D:15
 Bazaar (1/1)
  Snake: Orc:2       Spider: Orc:2

Altars:
Cheibriados
Dithmenos
Elyvilon
Gozag
Jiyva
Kikubaaqudgha
Lugonu
Makhleb
Nemelex Xobeh
Okawaru
Qazlal
Ru
Sif Muna
Trog
Uskayaw
Vehumet
Wu Jian
Xom
Yredelemnul
Zin
The Shining One

Shops:
Bazaar **=[[

Annotations:
Swamp:3 Lernaean hydra


Innate Abilities, Weirdness & Mutations

Your spells are harder to cast, but more powerful.
Your movements are less encumbered by armour. (ER -6)
You are agile. (Dex +5)
You are covered in thick fur. (AC +4)
You evolve.
You shine softly (Stealth---).


Message History

Aiming: Paralyse
Press: ? - help, Shift-Dir - straight line, f/p - swamp dragon
Aim: a swamp dragon (poison gas, moderately wounded, chance to defeat MR: 46%)
The swamp dragon suddenly stops moving!
This wand has 15 charges left.
You feel yourself speed up.
You feel less invigorated.
You feel sick.
Bazoo's illusion hits the swamp dragon (34)!!
The 27-headed Lernaean hydra bites you (3).
* * * LOW HITPOINT WARNING * * *
The 27-headed Lernaean hydra bites you (3).
* * * LOW HITPOINT WARNING * * *
You block the 27-headed Lernaean hydra's attack.
The 27-headed Lernaean hydra bites you but does no damage. x2
The 27-headed Lernaean hydra closely misses you.
The 27-headed Lernaean hydra bites you but does no damage. x2
The 27-headed Lernaean hydra barely misses you.
The 27-headed Lernaean hydra bites you but does no damage.
The 27-headed Lernaean hydra bites you (8)!
You die...
Your body glows with a rainbow of weird colours and disappears.

≈≈≈≈≈≈≈≈≈≈≈..≈.♣ ♣...≈≈
≈.§≈≈≈...≈..#.≈♣ ♣♣≈♣♣♣
♣♣..≈≈≈♣♣♣≈≈...≈≈ ♣ ♣♣♣
♣♣≈.≈.♣♣♣♣...≈≈♣♣♣.≈ ###
♣≈.≈≈..≈≈..≈♣♣♣.≈ ####≈≈# #
♣♣≈≈≈.≈≈≈....♣♣≈####≈#≈≈#≈≈≈
♣♣.≈≈≈≈≈≈≈≈...§.@§§##.$.≈≈##≈
♣§.≈≈≈≈≈≈≈≈....D@.F≈≈......(D
♣♣.≈≈....≈≈..≈♣.@D##.#≈###.≈≈
♣......≈.≈.♣♣♣.######§≈≈
♣♣♣.♣♣...≈≈♣≈♣♣♣.≈## #≈≈≈.
♣♣♣♣♣♣≈.≈.♣♣♣≈♣♣♣.≈# ≈.#D# .♣
♣≈....♣♣≈≈.♣≈♣♣# ≈.≈ # ≈♣
♣♣.§.≈≈≈....#≈≈ ≈≈. .♣
♣.....≈.#≈≈.≈≈♣ .≈.D ♣♣
♣♣....≈...§#≈♣
♣....≈....≈≈≈♣♣


You could see the 27-headed Lernaean hydra, a swamp dragon (paralysed), a spiny
frog and 2 friendly bazoo's illusions.

Vanquished Creatures
  A frost giant (D:15)
  An orc warlord (Orc:2)
  A very ugly thing (Swamp:1)
  Fannar (D:12)
  5 hydras
  A catoblepas (D:15)
  2 alligators
  5 death yaks (D:11)
  A death knight (D:13)
  21 two-headed ogres
  4 centaur warriors
  A tengu warrior (D:14)
  5 ogre magi
  5 orc high priests (Orc:2)
  13 spriggans
  6 skeletal warriors
  A spriggan druid (Swamp:3)
  A shambling mangrove (Swamp:1)
  A flayed ghost (D:13)
  4 swamp dragons (Swamp:3)
  6 orc knights
  8 orc sorcerers
  5 ugly things
  4 deep elf magi
  2 hornets
  3 cyclopes
  2 manticores (D:12)
  Psyche (D:11)
  4 orange demons (D:12)
  4 gargoyles
  A water nymph (Swamp:1)
  2 rime drakes
  6 spiny frogs
  An efreet (D:15)
  A yaktaur (D:15)
  4 freezing wraiths
  A tengu conjurer (D:14)
  8 trolls
  2 tyrant leeches
  16 slime creatures
  2 bog bodies (Swamp:2)
  3 blink frogs (D:15)
  3 shadows
  2 fire bats (D:13)
  8 wraiths
  2 wyverns
  2 humans (D:7)
  8 yaks
  9 vampire mosquitoes
  Grum (D:8)
  2 angry ghosts
  4 wargs
  2 soldier ants (shapeshifter)
  14 swamp worms
  Duvessa (D:7)
  4 acid dragons
  5 water moccasins
  50 orc warriors
  6 swamp drakes
  Purgy (D:4)
  18 wasps
  2 ice beasts
  A black bear (D:8)
  A blink frog zombie (D:5)
  A spiny frog skeleton (D:8)
  3 wolves (D:8)
  24 ogres
  13 centaurs
  2 blink frog skeletons
  3 bullfrogs
  A wyvern zombie (D:14)
  A gnoll sergeant (D:9)
  Dowan (D:7)
  A water moccasin zombie (D:7)
  3 wyvern skeletons
  A water moccasin skeleton (D:4)
  8 scorpions
  13 killer bees
  7 crimson imps
  A howler monkey (D:5)
  7 lava snakes (Volcano)
  A centaur zombie (D:5)
  A quasit (D:4)
  5 hounds
  4 jellies
  32 orc wizards
  32 orc priests
  8 centaur skeletons
  5 worker ants
  Terence (D:2)
  2 iguanas
  7 gnolls
  3 adders
  An ooze (D:4)
  A dart slug (D:6)
  113 orcs
  4 quokkas
  3 ball pythons
  6 giant cockroaches
  6 goblins
  5 hobgoblins
  4 jackals (D:4)
  15 bats
  5 frilled lizards
  3 kobolds
  4 rats
  4 fungi
677 creatures vanquished.

Vanquished Creatures (collateral kills)
  Nikola (Swamp:1)
  Rupert (Orc:2)
  Frances (Swamp:2)
  Snorg (D:12)
  A hydra (Swamp:1)
  2 two-headed ogres
  An alligator (Swamp:1)
  A swamp dragon (Swamp:3)
  2 slime creatures (Swamp:2)
  A black mamba (D:11)
  A rime drake (D:11)
  2 swamp worms (Swamp:1)
  2 orc warriors (Orc:1)
  An ogre (D:15)
  A centaur (D:12)
  A wyvern skeleton (D:11)
  4 killer bees (D:12)
  An orc (Orc:1)
25 creatures vanquished.

Vanquished Creatures (others)
  An ogre mage (Orc:1)
  A two-headed ogre (Orc:1)
  An orc warrior (Orc:1)
  An ogre (Orc:1)
  A human (D:10)
  A wyvern skeleton (D:7)
  3 orc priests
  2 ball lightnings (Orc:1)
  2 orcs (Orc:1)
  A fungus (D:12)
  4 plants
18 creatures vanquished.

Grand Total: 720 creatures vanquished

Notes
Turn   | Place    | Note
-------+----------+-------------------------------------------
     0 | D:1      | bazoo the Mountain Dwarf Wanderer began the quest for the Orb.
     0 | D:1      | bazoo set off with: a +2 shortbow, a wand of flame (10), a +0 robe
     0 | D:1      | Reached XP level 1. HP: 15/15 MP: 2/2
    18 | D:1      | Learned a level 1 spell: Flame Tongue
   140 | D:1      | Reached skill level 1 in Fire Magic
   161 | D:1      | Reached XP level 2. HP: 21/21 MP: 3/3
   615 | D:2      | Found a sparkling altar of Nemelex Xobeh.
   624 | D:2      | Became a worshipper of Nemelex Xobeh the Trickster
   631 | D:2      | Noticed Terence
   652 | D:2      | Killed Terence
   652 | D:2      | Reached XP level 3. HP: 18/26 MP: 0/6
   792 | D:2      | Received a gift from Nemelex Xobeh
  1027 | D:2      | Found a sacrificial altar of Ru.
  1265 | D:2      | Learned a level 3 spell: Conjure Flame
  1307 | D:2      | Reached XP level 4. HP: 32/32 MP: 6/6
  1502 | D:3      | Reached skill level 1 in Air Magic
  1565 | D:3      | Reached XP level 5. HP: 36/38 MP: 4/8
  1592 | D:3      | Found a radiant altar of Vehumet.
  1609 | D:3      | Found a bloodstained altar of Trog.
  1627 | D:3      | Reached * piety under Nemelex Xobeh
  1645 | D:3      | Reached skill level 1 in Maces & Staves
  1693 | D:3      | Noticed a hand axe
  1694 | D:3      | Found a hide-covered altar of Uskayaw.
  1694 | D:3      | Noticed a hand axe
  1967 | D:3      | Found a white marble altar of Elyvilon.
  1973 | D:3      | Found a shimmering altar of Xom.
  1973 | D:3      | Found a burning altar of Makhleb.
  1987 | D:3      | Found a glowing silver altar of Zin.
  2048 | D:3      | Reached skill level 1 in Axes
  2391 | D:4      | Reached skill level 2 in Axes
  2606 | D:4      | Reached skill level 3 in Axes
  2606 | D:4      | Gained mutation: Your spells are a little harder to cast, but a little more powerful. [Mountain Dwarf growth]
  2606 | D:4      | Reached XP level 6. HP: 43/44 MP: 4/9
  2725 | D:4      | Reached skill level 4 in Axes
  2862 | D:4      | Reached skill level 5 in Axes
  2943 | D:4      | Reached XP level 7. HP: 42/50 MP: 6/11
  3080 | D:4      | Reached skill level 6 in Axes
  3338 | D:4      | Noticed Purgy
  3352 | D:4      | Killed Purgy
  3352 | D:4      | Reached skill level 7 in Axes
  3744 | D:4      | Found a deep blue altar of Sif Muna.
  4116 | D:5      | Entered Level 5 of the Dungeon
  4116 | D:5      | Found a basalt altar of Yredelemnul.
  4116 | D:5      | Reached ** piety under Nemelex Xobeh
  4122 | D:5      | Reached skill level 1 in Armour
  4190 | D:5      | Reached skill level 1 in Invocations
  4196 | D:5      | Reached XP level 8. HP: 37/57 MP: 10/12
  4406 | D:5      | Reached skill level 8 in Axes
  4552 | D:5      | Reached skill level 1 in Shields
  4598 | D:5      | Found a viscous altar of Jiyva.
  4678 | D:5      | Found a glowing golden altar of the Shining One.
  5397 | D:6      | Found an ancient bone altar of Kikubaaqudgha.
  5427 | D:6      | Received a gift from Nemelex Xobeh
  5429 | D:6      | Found an ornate altar of the Wu Jian Council.
  5507 | D:6      | Found a snail-covered altar of Cheibriados.
  5522 | D:6      | Reached skill level 9 in Axes
  5543 | D:6      | Found a corrupted altar of Lugonu.
  5726 | D:6      | Found a shadowy altar of Dithmenos.
  5771 | D:6      | Reached XP level 9. HP: 63/66 MP: 14/16
  5773 | D:6      | Learned a level 1 spell: Summon Butterflies
  5778 | D:6      | Found an opulent altar of Gozag.
  6091 | D:7      | Found a stormy altar of Qazlal.
  6123 | D:7      | Reached skill level 5 in Fighting
  6146 | D:7      | Received a gift from Nemelex Xobeh
  6335 | D:7      | Reached skill level 5 in Shields
  6648 | D:7      | Reached skill level 10 in Axes
  6659 | D:7      | Noticed Duvessa
  6659 | D:7      | Noticed Dowan
  6682 | D:7      | Killed Duvessa
  6703 | D:7      | Killed Dowan
  6814 | D:7      | HP: 3/69 [poisoned by a killer bee]
  6816 | D:7      | HP: 1/69 [poisoned by a killer bee]
  7304 | D:7      | Found an iron altar of Okawaru.
  7649 | D:7      | Reached XP level 10. HP: 62/76 MP: 17/17
  7891 | D:8      | Reached skill level 11 in Axes
  8167 | D:8      | Noticed Grum
  8188 | D:8      | Killed Grum
  8474 | D:8      | Reached *** piety under Nemelex Xobeh
  9356 | D:8      | Reached skill level 12 in Axes
  9710 | D:9      | Received a gift from Nemelex Xobeh
  9857 | D:9      | Reached skill level 5 in Armour
 10155 | D:9      | Received a gift from Nemelex Xobeh
 10173 | D:9      | Reached XP level 11. HP: 82/84 MP: 17/17
 10510 | D:9      | Noticed a two-headed ogre
 10527 | D:9      | Killed a two-headed ogre
 10669 | D:9      | Received a gift from Nemelex Xobeh
 10946 | D:10     | Entered Level 10 of the Dungeon
 11132 | D:10     | Reached **** piety under Nemelex Xobeh
 11392 | D:10     | Received a gift from Nemelex Xobeh
 11517 | D:10     | Noticed a centaur warrior
 11531 | D:10     | Killed a centaur warrior
 11531 | D:10     | Reached skill level 13 in Axes
 11615 | D:10     | Received a gift from Nemelex Xobeh
 11982 | D:10     | Found an ancient bone altar of Kikubaaqudgha.
 12185 | D:11     | Noticed Psyche
 12185 | D:11     | Noticed a cyan ugly thing
 12194 | D:11     | Killed a cyan ugly thing
 12200 | D:11     | Killed Psyche
 12231 | D:11     | Gained mutation: You are weak. (Str -5) [mutagenic glow]
 12255 | D:11     | Lost mutation: You are weak. (Str -5) [potion of mutation]
 12255 | D:11     | Gained mutation: You shine softly (Stealth---). [potion of mutation]
 12255 | D:11     | Gained mutation: You are covered in thick fur. (AC +4) [potion of mutation]
 12255 | D:11     | Gained mutation: You evolve. [potion of mutation]
 12611 | D:11     | Noticed a death yak
 12611 | D:11     | Noticed a death yak
 12611 | D:11     | Noticed a death yak
 12611 | D:11     | Noticed a death yak
 12645 | D:11     | Noticed a death yak
 12652 | D:11     | Killed a death yak
 12660 | D:11     | Killed a death yak
 12677 | D:11     | Killed a death yak
 12677 | D:11     | Gained mutation: Your spells are harder to cast, but more powerful. [Mountain Dwarf growth]
 12677 | D:11     | Reached XP level 12. HP: 42/94 MP: 18/18
 12685 | D:11     | Killed a death yak
 12685 | D:11     | Reached skill level 14 in Axes
 12899 | D:11     | Killed a death yak
 13468 | D:11     | Received a gift from Nemelex Xobeh
 13487 | D:11     | Found a gateway to a bazaar.
 13619 | Bazaar   | Entered a bazaar
 13627 | Bazaar   | Found Coun's Antique Armour Shop.
 13627 | Bazaar   | Found Arear's Jewellery Shop.
 13627 | Bazaar   | Found Paolaafid's Armour Shoppe.
 13627 | Bazaar   | Found Edeth's General Store.
 13649 | Bazaar   | Bought a +2 shield of protection for 430 gold pieces
 13704 | D:12     | Noticed Snorg
 13711 | D:12     | Killed Snorg
 13715 | D:12     | Noticed Fannar
 13735 | D:12     | Killed Fannar
 13817 | D:12     | Received a gift from Nemelex Xobeh
 13844 | D:12     | Reached skill level 5 in Invocations
 13867 | D:12     | Reached ***** piety under Nemelex Xobeh
 13883 | D:12     | Found a dark tunnel.
 13946 | Volcano  | Entered a volcano
 14007 | Volcano  | Received a gift from Nemelex Xobeh
 14094 | Volcano  | Paralysed by an orc sorcerer for 7 turns
 14124 | Volcano  | Found a bloodstained altar of Trog.
 14419 | D:12     | Reached skill level 15 in Axes
 14431 | D:12     | Gained mutation: You are agile. (Dex +5) [evolution]
 14551 | D:12     | Received a gift from Nemelex Xobeh
 14554 | D:12     | Reached skill level 10 in Fighting
 14658 | D:12     | Reached XP level 13. HP: 42/103 MP: 20/20
 15559 | D:13     | Reached skill level 16 in Axes
 15846 | D:13     | Received a gift from Nemelex Xobeh
 16258 | D:13     | Found a runed door.
 16283 | D:13     | Found an ornate altar of the Wu Jian Council.
 16295 | D:13     | Found a snail-covered altar of Cheibriados.
 16305 | D:13     | Found an ancient bone altar of Kikubaaqudgha.
 16308 | D:13     | Found a glowing silver altar of Zin.
 16380 | D:13     | Found a burning altar of Makhleb.
 16397 | D:13     | Found an opulent altar of Gozag.
 16859 | D:14     | Received a gift from Nemelex Xobeh
 17100 | D:14     | Reached skill level 10 in Armour
 17632 | D:14     | Gained mutation: You resist negative energy. (rN+) [evolution]
 17656 | D:14     | Reached XP level 14. HP: 103/113 MP: 21/21
 17894 | D:14     | Received a gift from Nemelex Xobeh
 18191 | D:15     | Entered Level 15 of the Dungeon
 18191 | D:15     | Received a gift from Nemelex Xobeh
 18281 | D:15     | Reached skill level 17 in Axes
 18430 | D:15     | Found a gate to the Vaults.
 18458 | D:15     | Reached skill level 5 in Evocations
 18906 | D:15     | Found a staircase to the Orcish Mines.
 19343 | D:15     | Received a gift from Nemelex Xobeh
 19766 | D:15     | Received a gift from Nemelex Xobeh
 19798 | D:15     | Reached skill level 18 in Axes
 19827 | D:15     | Found a staircase to the Depths.
 19827 | D:15     | Noticed a frost giant
 19837 | D:15     | Killed a frost giant
 20049 | Orc:1    | Entered Level 1 of the Orcish Mines
 20077 | Orc:1    | Reached XP level 15. HP: 74/122 MP: 23/23
 20338 | Orc:1    | Received a gift from Nemelex Xobeh
 20748 | Orc:2    | Entered Level 2 of the Orcish Mines
 20777 | Orc:2    | Reached skill level 10 in Shields
 20981 | Orc:2    | Received a gift from Nemelex Xobeh
 21015 | Orc:2    | Found a staircase to the Slime Pits.
 21033 | Orc:2    | Reached skill level 1 in Throwing
 21131 | Orc:2    | Reached ****** piety under Nemelex Xobeh
 21379 | Orc:2    | Received a gift from Nemelex Xobeh
 21457 | Orc:2    | Found a staircase to the Swamp.
 21549 | Orc:2    | Noticed Rupert
 21561 | Orc:2    | Paralysed by Rupert for 7 turns
 21571 | Orc:2    | Killed Rupert
 22262 | Orc:2    | Noticed an orc warlord
 22293 | Orc:2    | Killed an orc warlord
 23021 | Orc:2    | Lost mutation: You resist negative energy. (rN+) [evolution]
 23251 | Orc:2    | Found a gateway to a bazaar.
 23413 | Bazaar   | Bought a +3 plate armour of cold resistance for 900 gold pieces
 23520 | Swamp:1  | Entered Level 1 of the Swamp
 23555 | Swamp:1  | Received a gift from Nemelex Xobeh
 23578 | Swamp:1  | Noticed Nikola
 23589 | Swamp:1  | Killed Nikola
 23589 | Swamp:1  | Reached skill level 5 in Throwing
 23866 | Swamp:1  | Reached XP level 16. HP: 112/131 MP: 24/24
 23982 | Swamp:1  | Learned a level 2 spell: Song of Slaying
 25018 | Swamp:2  | Noticed Frances
 25035 | Swamp:2  | Killed Frances
 25284 | Swamp:2  | Received a gift from Nemelex Xobeh
 25365 | Swamp:2  | Reached skill level 1 in Summonings
 25753 | Swamp:3  | Entered Level 3 of the Swamp
 26172 | Swamp:3  | Learned a level 3 spell: Regeneration
 26330 | Swamp:3  | Reached skill level 10 in Invocations
 26721 | Swamp:3  | Received a gift from Nemelex Xobeh
 26912 | Swamp:3  | HP: 2/133 [poisoned by a swamp dragon (poison gas)]
 26912 | Swamp:3  | Noticed the 27-headed Lernaean hydra
 26916 | Swamp:3  | Slain by the 27-headed Lernaean hydra

Skill      XL: |  1  2  3  4  5  6  7  8  9 10 11 12 13 14 15 16 |
---------------+-------------------------------------------------+-----
Fire Magic     | 1 2 3 |  3.2
Air Magic      | 2 |  2.0
Fighting       | 2 4 6 7 8 10 11 12 13 14 | 14.0
Maces & Staves | 1 |  1.8
Axes           | 3 5 7 9 10 12 13 15 16 18 | 18.5
Armour         | 1 2 5 7 9 10 11 12 | 12.9
Invocations    | 1 2 4 6 8 9 10 | 10.1
Shields        | 3 6 7 9 11 12 | 12.0
Evocations     | 4 5 |  5.8
Throwing       | 5 |  5.8
Charms         | 4 |  4.4
Summonings     | 2 |  2.4
Bows & Xbows   | |  1.5
Stealth        | |  1.2
Earth Magic    | |  2.1

Action                   |  1- 3 |  4- 6 |  7- 9 | 10-12 | 13-15 | 16-18 || total
-------------------------+-------+-------+-------+-------+-------+-------++-------
Melee: Flail             |       |    15 |       |       |       |       ||    15
       War axe           |       |    12 |   371 |   473 |       |       ||   856
       Broad axe         |       |       |       |   258 |   767 |   185 ||  1210
 Fire: Shortbow          |    49 |    14 |       |       |       |       ||    63
Throw: Javelin           |       |       |       |     1 |     9 |       ||    10
 Cast: Flame Tongue      |    37 |    68 |    84 |    14 |       |       ||   203
       Conjure Flame     |       |     1 |     5 |       |       |       ||     6
       Song of Slaying   |       |       |       |       |       |     1 ||     1
Invok: Deal Four         |       |       |       |       |     1 |       ||     1
Evoke: Wand              |       |       |     6 |     6 |     3 |     6 ||    21
       Deck              |       |       |     1 |     9 |    18 |     3 ||    31
       Sack of spiders   |       |       |       |       |     1 |       ||     1
  Use: Potion            |     1 |       |     1 |     2 |     1 |     1 ||     6
       Scroll            |       |       |     3 |     4 |     9 |     1 ||    17
 Stab: Paralysed         |       |       |       |     3 |       |       ||     3
       Distracted        |       |       |       |       |     1 |     2 ||     3
Armor: Ring mail         |    13 |    19 |    81 |       |       |       ||   113
       Scale mail        |       |       |    69 |    57 |       |       ||   126
       Skin              |       |       |    10 |       |       |       ||    10
       Plate armour      |       |       |       |   254 |   354 |   144 ||   752
Dodge: Dodged            |    20 |    39 |   170 |   175 |   168 |    55 ||   627
Block: Shield            |       |       |   106 |   384 |   539 |   161 ||  1190
